AoeStats
← Null

Arabian Desert

508925075Analyzed
1v1 RM · 6d ago on Sep 24, 2026· 40m 18s· 2 players
Game mode
Random Map
Map size
Tiny (2 player)
Population
200
Speed
Normal
Resources
Standard
Victory
Conquest
Starting age
Dark Age
Ending age
Imperial Age
RankedLock teamsTeams togetherTeam positionsShared explorationLock speedFull tech treeHidden civsTurbo modeCheats
Victory
Defeat
🇹🇼 Spanish · Taiwan
1048
+16
🇫🇷 Varangians · France
1039
-16
AGS.ZefloneXx44
7:16 Loom
10:20 Feudal Age
11:03 Double-Bit Axe
10:59 Horse Collar
20:04 Castle Age
19:10 Scale Barding Armor
19:15 Forging
19:23 Bloodlines
20:07 Gold Mining
23:19 Chain Barding Armor
24:29 Husbandry
28:06 Fletching
28:16 Padded Archer Armor
29:16 Elite Skirmisher
29:53 Bodkin Arrow
32:21 Leather Archer Armor
33:45 Ballistics
36:10 Bow Saw
38:30 Heavy Plow
Null
9:42 Feudal Age
11:33 Loom
12:25 Double-Bit Axe
13:56 Horse Collar
20:48 Castle Age
19:47 Bloodlines
25:47 Husbandry
28:27 Ballistics
28:39 Bow Saw
29:57 Town Watch
30:48 Wheelbarrow
33:03 Padded Archer Armor
33:09 Scale Barding Armor
34:49 Chain Barding Armor
37:47 Imperial Age
35:33 Hand Cart
35:44 Heavy Plow
36:41 Town Patrol
38:40 Leather Archer Armor
Connection lost

Rejoining the realm…

Still unreachable

The connection could not be restored.

Session expired

The server has moved on; the page needs a fresh start.